 Dungeon Crawl Stone Soup version 0.24.1-4-ge52af88ad5 (webtiles) character file.

Game seed: 15981808301966150112, levelgen mode: deterministic

184 Curus the Agent of Entropy (level 5, 0/41 HPs)
             Began as a Demonspawn Abyssal Knight on Apr 21, 2020.
             Was a Priest of Lugonu.
             Slain by a goblin (6 damage)
             ... led by Robin
             ... on level 2 of the Dungeon.
             The game lasted 00:09:41 (1874 turns).

Curus the Agent of Entropy (DsAK)                   Turns: 1874, Time: 00:09:42

Health: 0/41       AC:  8    Str: 12    XL:     5   Next: 36%
Magic:  9/9        EV: 11    Int: 14    God:    Lugonu [***...]
Gold:   73         SH:  0    Dex: 13    Spells: 4/4 levels left

rFire    . . .     SeeInvis .   h - +6 club
rCold    . . .     Gourm    .   (no shield)
rNeg     . . .     Faith    .   b - +0 leather armour
rPois    .         Spirit   .   (helmet restricted)
rElec    .         Reflect  .   f - +1 cloak
rCorr    .         Harm     .   (no gloves)
MR       .....                  (no boots)
Stlth    +.........             (no amulet)
HPRegen  0.13/turn              (no ring)
MPRegen  0.11/turn              (no ring)

@: no status effects
A: antennae 1, yellow scales 2
a: Depart the Abyss, Bend Space, Banish, Renounce Religion


You were on level 2 of the Dungeon.
You worshipped Lugonu.
Lugonu was most pleased with you.
You were not hungry.

You visited 1 branch of the dungeon, and saw 3 of its levels.
You visited the Abyss 1 time.

You collected 73 gold pieces.

Inventory:

Hand Weapons
 a - a +1 mace
 h - a +6 club (weapon)
Armour
 b - a +0 leather armour (worn)
 f - a +1 cloak (worn)
Scrolls
 e - a scroll of teleportation
Potions
 d - a potion of lignification
 g - 2 potions of curing
 j - a potion of berserk rage
Comestibles
 c - 3 rations


   Skills:
 - Level 3.0 Fighting
 + Level 3.8 Maces & Flails
 - Level 1.7 Armour
 - Level 0.8 Dodging
 + Level 5.4 Invocations


You had 4 spell levels left.
You didn't know any spells.
Your spell library was empty.

Dungeon Overview and Level Annotations

Branches:
Dungeon (3/15)

Altars:
Fedhas


Innate Abilities, Weirdness & Mutations

You have a pair of small antennae on your head.
You are mostly covered in yellow scales. (AC +3)


Message History

The goblin closely misses you. Robin hits you with a +0 mace.
The goblin barely misses you.
You sock Robin!
Robin is almost dead.
The goblin barely misses you. The goblin hits you with a +0 dagger.
Robin hits you with a +0 mace.
* * * LOW HITPOINT WARNING * * *
You barely miss Robin.
Robin is almost dead.
The goblin closely misses you. x2; Robin hits you but does no damage.
You hit Robin.
You kill Robin!
Lugonu accepts your kill.
The goblin hits you but does no damage. x2
You hit the goblin.
The goblin is severely wounded.
The hobgoblin hits you.
* * * LOW HITPOINT WARNING * * *
The goblin hits you.
You die...

.#######.###........##.........#
.# ####)###........##.........#
(# #......###########.).......#
.# #......# #.........#
'####......###########.........##
...........'....†.............)..
...........##################..##
...........'...gg#############†##
.....(.....#####@#..............'
....(......# #g#.###########.##
#####......# ##.#.# #.## ########
#....# #..# #....############.#
#..................
#...##############. #...# #.
#...# #.


You could see a hobgoblin and 2 goblins.

Vanquished Creatures
  Jessica (D:2)
  Natasha (twice) (D:2)
  Robin (D:2)
  2 adders (D:3)
  2 worms (D:2)
  3 dart slugs
  4 leopard geckos
  An orc (D:3)
  2 ball pythons (D:1)
  A bat (D:1)
  A giant cockroach (D:1)
  9 goblins
  12 hobgoblins
  4 jackals (D:2)
  A quokka (D:2)
  4 frilled lizards
  6 kobolds
  6 rats
62 creatures vanquished.

Notes
Turn   | Place    | Note
-------+----------+-------------------------------------------
     0 | Abyss:1  | Curus the Demonspawn Abyssal Knight began the quest for the
                  | Orb.
     0 | Abyss:1  | Reached XP level 1. HP: 18/18 MP: 2/2
    59 | D:1      | Escaped the Abyss
    96 | D:1      | Reached skill level 3 in Invocations
    96 | D:1      | Gained mutation: You have a pair of small antennae on your
                  | head. [demonic ancestry]
    96 | D:1      | Reached XP level 2. HP: 9/24 MP: 2/4
   628 | D:1      | Reached ** piety under Lugonu
   820 | D:2      | Noticed Jessica
   832 | D:2      | Found a blossoming altar of Fedhas.
   839 | D:2      | Killed Jessica
   839 | D:2      | Reached skill level 4 in Invocations
   839 | D:2      | Reached XP level 3. HP: 9/29 MP: 4/6
  1112 | D:2      | Noticed Robin
  1129 | D:3      | Gained mutation: You are partially covered in yellow
                  | scales. (AC +2) [demonic ancestry]
  1129 | D:3      | Reached XP level 4. HP: 13/35 MP: 7/7
  1660 | D:2      | Noticed Natasha
  1667 | D:2      | Killed Natasha
  1694 | D:2      | Reached skill level 5 in Invocations
  1707 | D:2      | Reached *** piety under Lugonu
  1733 | D:2      | Gained mutation: You are mostly covered in yellow scales.
                  | (AC +3) [demonic ancestry]
  1733 | D:2      | Reached XP level 5. HP: 37/41 MP: 8/8
  1790 | D:2      | Noticed Natasha
  1799 | D:2      | Killed Natasha
  1873 | D:2      | Killed Robin
  1874 | D:2      | Slain by a goblin

Levels and vault maps discovered:
D:1:      saegor_arrival_simple_a, layout_basic
D:2:      layout_basic, fedhas_ov_isle_minmay, uniq_natasha, uniq_jessica,
          uniq_robin
D:3:      layout_basic, makhleb_blood_cavern_becter,
          nicolae_gozag_cash_rules_everything_around_me,
          kennysheep_decorative_pillar, minmay_misc_feat_roman,
          nicolae_qazlal_style_of_elements

Skill      XL: |  1  2  3  4 |
---------------+-------------+-----
Maces & Flails | 2 3 |  3.8
Invocations    | 3 4 5 |  5.4
Fighting       | |  3.0
Armour         | |  1.7
Dodging        | |  0.8

Action                   |  1- 3 |  4- 6 || total
-------------------------+-------+-------++-------
Melee: Mace              |    69 |       ||    69
       Club              |    25 |    88 ||   113
  Use: Potion            |     7 |     2 ||     9
       Scroll            |     3 |     3 ||     6
 Stab: Invisible         |     2 |       ||     2
  Eat: Chunk             |     1 |     2 ||     3
Armor: Leather armour    |    20 |    34 ||    54
       Skin              |    10 |     5 ||    15
Dodge: Dodged            |    59 |    59 ||   118
